2913 views
Uploaded 2020-03-01 16:01:47
Game version 1.32.2
46:14 long 3on3 ladder game on (6)UpperKingdom
Saved by BEARAND
2913 views
Uploaded 2020-03-01 16:01:47
Game version 1.32.2
46:14 long 3on3 ladder game on (6)UpperKingdom


95 units @ 9.8k
/ 0.4k
346 buildings @ 22.5k
/ 10.1k



| Orb of Corruption | 7 | 2625 |
| Potion of Healing | 1 | 150 |
| Staff of Sanctuary | 3 | 750 |
| total: | 11 | 3525g |
| Acolyte | 10 | 750 | / | 0 |
| Ghoul | 9 | 1080 | / | 0 |
| Obsidian Statue | 2 | 400 | / | 70 |
| total: | 21 | 2230g | / | 70w |
| Nerubian Tower | 4 | 400 | / | 80 |
| Spirit Tower | 11 | 1595 | / | 440 |
| Crypt | 1 | 200 | / | 50 |
| Altar of Darkness | 2 | 360 | / | 100 |
| Ziggurat | 26 | 3900 | / | 1300 |
| Graveyard | 1 | 215 | / | 0 |
| Necropolis | 9 | 2025 | / | 0 |
| Tomb of Relics | 2 | 260 | / | 60 |
| Slaughterhouse | 2 | 280 | / | 270 |
| Halls of the Dead | 1 | 320 | / | 210 |
| Black Citadel | 1 | 325 | / | 230 |
| total: | 43 | 7240g | / | 1780w |
| 0:04 | Acolyte |
| 0:06 | Crypt |
| 0:08 | Altar of Darkness |
| 0:10 | Altar of Darkness |
| 0:20 | Acolyte |
| 0:32 | Ziggurat |
| 1:02 | Graveyard |
| 1:09 | Ghoul |
| 1:22 | Ghoul |
| 1:30 | Nerubian Tower |
| 1:52 | Ghoul |
| 2:09 | Ziggurat |
| 2:10 | Ziggurat |
| 2:20 | Ghoul |
| 2:22 | Death Coil |
| 3:27 | Ghoul |
| 3:36 | Ghoul |
| 3:48 | Ghoul |
| 4:10 | Ghoul |
| 5:48 | Halls of the Dead |
| 7:35 | Ghoul |
| 7:39 | Necropolis |
| 7:53 | Unholy Aura |
| 8:14 | Black Citadel |
| 8:16 | Ziggurat |
| 9:57 | Slaughterhouse |
| 9:59 | Slaughterhouse |
| 10:01 | Spirit Tower |
| 10:16 | Tomb of Relics |
| 10:16 | Tomb of Relics |
| 10:20 | Frost Nova |
| 10:35 | Necropolis |
| 10:37 | Acolyte |
| 10:57 | Necropolis |
| 11:34 | Obsidian Statue |
| 11:39 | Obsidian Statue |
| 11:56 | Death Coil |
| 12:15 | Carrion Swarm |
| 13:01 | Necropolis |
| 13:07 | Necropolis |
| 13:11 | Orb of Corruption |
| 13:25 | Orb of Corruption |
| 14:32 | Acolyte |
| 14:32 | Acolyte |
| 14:32 | Acolyte |
| 14:33 | Acolyte |
| 14:42 | Frost Armor |
| 15:44 | Ziggurat |
| 15:45 | Ziggurat |
| 16:32 | Acolyte |
| 16:55 | Ziggurat |
| 16:58 | Ziggurat |
| 17:00 | Ziggurat |
| 17:09 | Spirit Tower |
| 17:37 | Ziggurat |
| 17:52 | Spirit Tower |
| 18:05 | Spirit Tower |
| 18:06 | Nerubian Tower |
| 18:11 | Orb of Corruption |
| 18:32 | Ziggurat |
| 18:32 | Ziggurat |
| 18:59 | Vampiric Aura |
| 19:15 | Spirit Tower |
| 19:51 | Spirit Tower |
| 20:27 | Staff of Sanctuary |
| 20:35 | Ziggurat |
| 20:36 | Ziggurat |
| 20:38 | Ziggurat |
| 21:08 | Ziggurat |
| 21:09 | Ziggurat |
| 21:10 | Ziggurat |
| 21:11 | Ziggurat |
| 21:12 | Ziggurat |
| 21:13 | Ziggurat |
| 21:14 | Ziggurat |
| 21:14 | Ziggurat |
| 21:37 | Acolyte |
| 21:37 | Acolyte |
| 22:10 | Spirit Tower |
| 22:13 | Nerubian Tower |
| 22:14 | Spirit Tower |
| 22:24 | Nerubian Tower |
| 22:26 | Spirit Tower |
| 22:41 | Spirit Tower |
| 23:12 | Staff of Sanctuary |
| 23:34 | Staff of Sanctuary |
| 24:12 | Spirit Tower |
| 27:20 | Necropolis |
| 27:36 | Necropolis |
| 28:39 | Orb of Corruption |
| 28:39 | Potion of Healing |
| 29:20 | Unholy Aura |
| 30:09 | Frost Nova |
| 30:35 | Ziggurat |
| 30:37 | Ziggurat |
| 30:39 | Ziggurat |
| 33:07 | Carrion Swarm |
| 33:37 | Orb of Corruption |
| 34:06 | Orb of Corruption |
| 34:09 | Orb of Corruption |
| 37:38 | Death Coil |
| 38:56 | Frost Armor |
| 39:21 | Vampiric Aura |
| 44:01 | Necropolis |
| 44:02 | Necropolis |
| 44:25 | Animate Dead |
| 44:43 | Frost Nova |
| 45:37 | Carrion Swarm |
| Right click | 3121 |
| Select group | 2099 |
| Select | 439 |
| Use ability | 161 |
| Resource trade | 161 |
| Build/train/purchase | 108 |
| Misc. action | 100 |
| Chat | 81 |
| Minimap ping | 47 |
| Assign group | 11 |
| Item give/drop | 9 |
| Esc | 4 |



| Potion of Healing | 1 | 150 |
| Staff of Sanctuary | 3 | 750 |
| Potion of Mana | 2 | 400 |
| Scroll of Town Portal | 1 | 350 |
| Orb of Corruption | 2 | 750 |
| total: | 9 | 2400g |
| Peasant | 41 | 3075 | / | 0 |
| Dragonhawk Rider | 5 | 1000 | / | 150 |
| total: | 46 | 4075g | / | 150w |
| Scout Tower | 260 | 7800 | / | 5200 |
| Arcane Tower | 6 | 420 | / | 300 |
| Guard Tower | 127 | 8890 | / | 6350 |
| Altar of Kings | 1 | 180 | / | 50 |
| Farm | 9 | 720 | / | 180 |
| Lumber Mill | 1 | 120 | / | 0 |
| Arcane Vault | 5 | 650 | / | 150 |
| Town Hall | 7 | 2695 | / | 1435 |
| Blacksmith | 1 | 140 | / | 60 |
| Barracks | 1 | 160 | / | 60 |
| Arcane Sanctum | 1 | 150 | / | 140 |
| Gryphon Aviary | 1 | 140 | / | 150 |
| Workshop | 1 | 140 | / | 140 |
| Keep | 1 | 320 | / | 210 |
| Castle | 1 | 360 | / | 210 |
| total: | 288 | 12895g | / | 7565w |
| 0:02 | Peasant |
| 0:02 | Peasant |
| 0:10 | Altar of Kings |
| 0:14 | Peasant |
| 0:18 | Farm |
| 0:25 | Peasant |
| 0:33 | Farm |
| 0:41 | Peasant |
| 0:50 | Lumber Mill |
| 0:58 | Peasant |
| 1:11 | Scout Tower |
| 1:15 | Peasant |
| 1:29 | Scout Tower |
| 1:31 | Peasant |
| 1:37 | Scout Tower |
| 1:38 | Arcane Tower |
| 1:52 | Peasant |
| 1:55 | Arcane Tower |
| 1:56 | Scout Tower |
| 2:01 | Scout Tower |
| 2:07 | Scout Tower |
| 2:11 | Blizzard |
| 2:16 | Guard Tower |
| 2:19 | Scout Tower |
| 2:29 | Scout Tower |
| 2:33 | Scout Tower |
| 2:34 | Guard Tower |
| 2:36 | Scout Tower |
| 2:37 | Scout Tower |
| 2:45 | Peasant |
| 2:45 | Peasant |
| 2:45 | Peasant |
| 2:49 | Guard Tower |
| 2:51 | Scout Tower |
| 2:52 | Guard Tower |
| 2:53 | Guard Tower |
| 2:54 | Scout Tower |
| 3:02 | Peasant |
| 3:16 | Guard Tower |
| 3:17 | Peasant |
| 3:17 | Peasant |
| 3:31 | Guard Tower |
| 3:32 | Guard Tower |
| 3:33 | Scout Tower |
| 3:33 | Scout Tower |
| 3:34 | Guard Tower |
| 3:35 | Scout Tower |
| 3:36 | Scout Tower |
| 3:40 | Guard Tower |
| 3:41 | Scout Tower |
| 3:42 | Scout Tower |
| 3:44 | Scout Tower |
| 3:45 | Scout Tower |
| 3:45 | Scout Tower |
| 3:46 | Scout Tower |
| 3:46 | Scout Tower |
| 3:47 | Guard Tower |
| 3:48 | Scout Tower |
| 3:48 | Scout Tower |
| 3:49 | Scout Tower |
| 3:49 | Scout Tower |
| 3:50 | Scout Tower |
| 3:50 | Scout Tower |
| 3:51 | Peasant |
| 3:58 | Peasant |
| 4:00 | Improved Masonry |
| 4:36 | Guard Tower |
| 4:36 | Guard Tower |
| 4:37 | Scout Tower |
| 4:38 | Scout Tower |
| 4:43 | Peasant |
| 4:43 | Peasant |
| 4:43 | Peasant |
| 4:44 | Peasant |
| 4:44 | Peasant |
| 5:04 | Scout Tower |
| 5:06 | Guard Tower |
| 5:06 | Scout Tower |
| 5:07 | Scout Tower |
| 5:07 | Scout Tower |
| 5:11 | Peasant |
| 5:11 | Peasant |
| 5:15 | Guard Tower |
| 5:18 | Guard Tower |
| 5:23 | Scout Tower |
| 5:24 | Scout Tower |
| 5:48 | Guard Tower |
| 5:49 | Scout Tower |
| 5:49 | Scout Tower |
| 5:51 | Guard Tower |
| 5:52 | Scout Tower |
| 5:54 | Guard Tower |
| 5:55 | Guard Tower |
| 6:06 | Peasant |
| 6:07 | Peasant |
| 6:17 | Guard Tower |
| 6:20 | Guard Tower |
| 6:21 | Scout Tower |
| 6:22 | Scout Tower |
| 6:44 | Guard Tower |
| 6:45 | Scout Tower |
| 6:46 | Scout Tower |
| 6:47 | Scout Tower |
| 6:47 | Scout Tower |
| 6:48 | Guard Tower |
| 6:51 | Scout Tower |
| 6:51 | Scout Tower |
| 6:52 | Scout Tower |
| 6:52 | Scout Tower |
| 6:53 | Scout Tower |
| 7:10 | Scout Tower |
| 7:52 | Brilliance Aura |
| 8:05 | Keep |
| 8:06 | Guard Tower |
| 8:09 | Scout Tower |
| 8:20 | Guard Tower |
| 8:22 | Guard Tower |
| 8:23 | Scout Tower |
| 8:36 | Scout Tower |
| 8:37 | Scout Tower |
| 8:43 | Scout Tower |
| 8:44 | Scout Tower |
| 8:45 | Scout Tower |
| 8:46 | Scout Tower |
| 8:51 | Guard Tower |
| 8:52 | Guard Tower |
| 8:56 | Farm |
| 9:03 | Scout Tower |
| 9:06 | Scout Tower |
| 9:07 | Scout Tower |
| 9:07 | Scout Tower |
| 9:11 | Scout Tower |
| 9:11 | Scout Tower |
| 9:13 | Scout Tower |
| 9:13 | Scout Tower |
| 9:22 | Guard Tower |
| 9:23 | Guard Tower |
| 9:54 | Guard Tower |
| 9:57 | Scout Tower |
| 9:59 | Scout Tower |
| 10:07 | Arcane Tower |
| 10:08 | Guard Tower |
| 10:27 | Arcane Sanctum |
| 10:29 | Improved Lumber Harvesting |
| 10:53 | Peasant |
| 10:53 | Peasant |
| 10:53 | Peasant |
| 10:53 | Peasant |
| 10:54 | Peasant |
| 10:54 | Peasant |
| 10:54 | Peasant |
| 11:02 | Guard Tower |
| 11:02 | Guard Tower |
| 11:09 | Advanced Masonry |
| 11:11 | Guard Tower |
| 11:14 | Guard Tower |
| 11:22 | Storm Bolt |
| 11:56 | Blizzard |
| 12:24 | Castle |
| 12:26 | Farm |
| 12:26 | Farm |
| 12:29 | Guard Tower |
| 12:34 | Scout Tower |
| 12:35 | Scout Tower |
| 12:35 | Scout Tower |
| 12:35 | Scout Tower |
| 12:37 | Guard Tower |
| 12:40 | Scout Tower |
| 12:43 | Scout Tower |
| 12:51 | Guard Tower |
| 12:51 | Guard Tower |
| 12:58 | Scout Tower |
| 12:59 | Scout Tower |
| 12:59 | Scout Tower |
| 13:00 | Scout Tower |
| 13:00 | Scout Tower |
| 13:02 | Guard Tower |
| 13:03 | Scout Tower |
| 13:04 | Scout Tower |
| 13:04 | Scout Tower |
| 13:04 | Scout Tower |
| 13:06 | Scout Tower |
| 13:12 | Guard Tower |
| 13:17 | Guard Tower |
| 13:35 | Potion of Healing |
| 13:45 | Guard Tower |
| 13:59 | Guard Tower |
| 14:03 | Guard Tower |
| 14:24 | Guard Tower |
| 14:26 | Scout Tower |
| 14:26 | Scout Tower |
| 14:39 | Arcane Vault |
| 14:40 | Arcane Vault |
| 14:55 | Guard Tower |
| 14:56 | Arcane Vault |
| 15:03 | Arcane Vault |
| 15:23 | Guard Tower |
| 15:24 | Guard Tower |
| 15:27 | Scout Tower |
| 15:40 | Guard Tower |
| 15:44 | Scout Tower |
| 15:45 | Scout Tower |
| 15:45 | Scout Tower |
| 15:46 | Scout Tower |
| 15:46 | Scout Tower |
| 15:47 | Scout Tower |
| 15:48 | Scout Tower |
| 15:48 | Scout Tower |
| 15:48 | Scout Tower |
| 16:01 | Scout Tower |
| 16:01 | Scout Tower |
| 16:02 | Scout Tower |
| 16:02 | Scout Tower |
| 16:03 | Scout Tower |
| 16:05 | Scout Tower |
| 16:05 | Scout Tower |
| 16:06 | Scout Tower |
| 16:08 | Magic Sentry |
| 16:09 | Imbued Masonry |
| 16:10 | Advanced Lumber Harvesting |
| 16:15 | Guard Tower |
| 16:25 | Scout Tower |
| 16:25 | Scout Tower |
| 16:26 | Scout Tower |
| 16:27 | Scout Tower |
| 16:27 | Scout Tower |
| 16:28 | Scout Tower |
| 16:28 | Scout Tower |
| 16:30 | Scout Tower |
| 16:30 | Scout Tower |
| 16:35 | Guard Tower |
| 16:38 | Scout Tower |
| 16:55 | Staff of Sanctuary |
| 16:57 | Staff of Sanctuary |
| 17:00 | Guard Tower |
| 17:17 | Gryphon Aviary |
| 17:31 | Farm |
| 17:32 | Farm |
| 17:37 | Holy Light |
| 18:09 | Orb of Corruption |
| 18:22 | Staff of Sanctuary |
| 18:27 | Scout Tower |
| 18:27 | Scout Tower |
| 18:27 | Scout Tower |
| 18:28 | Scout Tower |
| 18:28 | Scout Tower |
| 18:28 | Scout Tower |
| 19:03 | Scout Tower |
| 19:03 | Scout Tower |
| 19:04 | Scout Tower |
| 19:04 | Scout Tower |
| 19:25 | Guard Tower |
| 19:27 | Guard Tower |
| 19:56 | Guard Tower |
| 20:00 | Scout Tower |
| 20:01 | Scout Tower |
| 20:01 | Scout Tower |
| 20:02 | Scout Tower |
| 20:03 | Scout Tower |
| 20:03 | Scout Tower |
| 20:03 | Scout Tower |
| 20:03 | Scout Tower |
| 20:12 | Orb of Corruption |
| 20:15 | Guard Tower |
| 20:27 | Guard Tower |
| 20:29 | Guard Tower |
| 21:08 | Bash |
| 21:12 | Guard Tower |
| 21:32 | Brilliance Aura |
| 21:41 | Town Hall |
| 21:47 | Scout Tower |
| 21:48 | Scout Tower |
| 21:49 | Scout Tower |
| 22:00 | Guard Tower |
| 22:31 | Town Hall |
| 22:32 | Divine Shield |
| 22:38 | Scout Tower |
| 22:39 | Scout Tower |
| 22:42 | Scout Tower |
| 22:47 | Dragonhawk Rider |
| 22:52 | Farm |
| 22:53 | Farm |
| 23:08 | Guard Tower |
| 23:10 | Guard Tower |
| 23:48 | Guard Tower |
| 23:49 | Guard Tower |
| 23:56 | Blacksmith |
| 24:03 | Barracks |
| 24:10 | Town Hall |
| 24:12 | Scout Tower |
| 24:12 | Scout Tower |
| 24:13 | Scout Tower |
| 24:14 | Scout Tower |
| 24:16 | Dragonhawk Rider |
| 24:27 | Arcane Tower |
| 24:27 | Arcane Tower |
| 24:28 | Guard Tower |
| 24:40 | Guard Tower |
| 24:47 | Town Hall |
| 24:56 | Dragonhawk Rider |
| 25:05 | Guard Tower |
| 25:09 | Peasant |
| 25:10 | Peasant |
| 25:32 | Scout Tower |
| 25:32 | Scout Tower |
| 25:33 | Scout Tower |
| 25:33 | Scout Tower |
| 25:33 | Scout Tower |
| 25:36 | Iron Forged Swords |
| 25:36 | Studded Leather Armor |
| 25:46 | Scout Tower |
| 25:47 | Scout Tower |
| 25:47 | Scout Tower |
| 25:47 | Scout Tower |
| 25:48 | Scout Tower |
| 25:50 | Scout Tower |
| 25:51 | Scout Tower |
| 25:52 | Scout Tower |
| 25:52 | Scout Tower |
| 25:53 | Scout Tower |
| 25:53 | Scout Tower |
| 26:03 | Peasant |
| 26:06 | Scout Tower |
| 26:07 | Scout Tower |
| 26:07 | Scout Tower |
| 26:08 | Scout Tower |
| 26:08 | Scout Tower |
| 26:27 | Potion of Mana |
| 26:27 | Potion of Mana |
| 26:32 | Guard Tower |
| 26:51 | Guard Tower |
| 26:53 | Guard Tower |
| 26:55 | Scout Tower |
| 26:55 | Scout Tower |
| 26:55 | Scout Tower |
| 26:55 | Scout Tower |
| 26:56 | Scout Tower |
| 26:56 | Scout Tower |
| 26:56 | Scout Tower |
| 26:57 | Scout Tower |
| 26:57 | Scout Tower |
| 26:57 | Scout Tower |
| 26:58 | Guard Tower |
| 26:59 | Guard Tower |
| 26:59 | Guard Tower |
| 27:19 | Guard Tower |
| 27:21 | Town Hall |
| 27:34 | Guard Tower |
| 27:40 | Guard Tower |
| 27:42 | Dragonhawk Rider |
| 27:43 | Dragonhawk Rider |
| 27:45 | Animal War Training |
| 27:50 | Scroll of Town Portal |
| 27:54 | Guard Tower |
| 27:55 | Guard Tower |
| 28:05 | Guard Tower |
| 28:06 | Guard Tower |
| 28:08 | Guard Tower |
| 28:12 | Scout Tower |
| 28:13 | Scout Tower |
| 28:13 | Scout Tower |
| 28:14 | Scout Tower |
| 28:14 | Scout Tower |
| 28:14 | Scout Tower |
| 28:15 | Scout Tower |
| 28:15 | Scout Tower |
| 28:16 | Scout Tower |
| 28:16 | Scout Tower |
| 28:16 | Scout Tower |
| 28:17 | Scout Tower |
| 28:17 | Scout Tower |
| 28:18 | Scout Tower |
| 28:19 | Scout Tower |
| 28:19 | Scout Tower |
| 28:21 | Guard Tower |
| 28:34 | Guard Tower |
| 28:41 | Scout Tower |
| 28:58 | Scout Tower |
| 28:59 | Scout Tower |
| 29:00 | Scout Tower |
| 29:04 | Guard Tower |
| 29:05 | Guard Tower |
| 29:06 | Guard Tower |
| 29:07 | Scout Tower |
| 29:08 | Scout Tower |
| 29:08 | Scout Tower |
| 29:09 | Scout Tower |
| 29:09 | Scout Tower |
| 29:10 | Scout Tower |
| 29:10 | Scout Tower |
| 29:11 | Scout Tower |
| 29:13 | Scout Tower |
| 29:14 | Scout Tower |
| 29:14 | Guard Tower |
| 29:16 | Scout Tower |
| 29:17 | Scout Tower |
| 29:17 | Scout Tower |
| 29:18 | Scout Tower |
| 29:18 | Scout Tower |
| 30:02 | Scout Tower |
| 30:03 | Scout Tower |
| 30:03 | Scout Tower |
| 30:04 | Guard Tower |
| 30:07 | Arcane Tower |
| 30:24 | Guard Tower |
| 30:26 | Scout Tower |
| 30:34 | Guard Tower |
| 30:46 | Scout Tower |
| 30:46 | Scout Tower |
| 30:47 | Storm Bolt |
| 30:56 | Peasant |
| 30:56 | Peasant |
| 30:56 | Peasant |
| 31:14 | Guard Tower |
| 31:18 | Scout Tower |
| 31:20 | Scout Tower |
| 31:20 | Scout Tower |
| 31:21 | Scout Tower |
| 31:21 | Scout Tower |
| 31:23 | Peasant |
| 31:58 | Holy Light |
| 32:11 | Guard Tower |
| 32:12 | Guard Tower |
| 32:47 | Guard Tower |
| 32:48 | Guard Tower |
| 33:39 | Guard Tower |
| 33:41 | Scout Tower |
| 33:42 | Scout Tower |
| 33:42 | Scout Tower |
| 33:43 | Scout Tower |
| 33:46 | Blizzard |
| 34:53 | Bash |
| 35:34 | Divine Shield |
| 35:42 | Guard Tower |
| 35:43 | Scout Tower |
| 35:44 | Scout Tower |
| 35:44 | Scout Tower |
| 35:50 | Steel Forged Swords |
| 35:50 | Reinforced Leather Armor |
| 36:48 | Scout Tower |
| 36:49 | Scout Tower |
| 37:09 | Scout Tower |
| 37:09 | Scout Tower |
| 37:10 | Scout Tower |
| 37:10 | Scout Tower |
| 37:10 | Scout Tower |
| 37:11 | Scout Tower |
| 37:11 | Scout Tower |
| 37:12 | Scout Tower |
| 37:13 | Scout Tower |
| 37:13 | Scout Tower |
| 37:13 | Scout Tower |
| 37:22 | Guard Tower |
| 37:22 | Guard Tower |
| 37:23 | Scout Tower |
| 37:24 | Scout Tower |
| 37:24 | Scout Tower |
| 37:25 | Scout Tower |
| 37:28 | Peasant |
| 38:49 | Guard Tower |
| 39:42 | Guard Tower |
| 39:44 | Scout Tower |
| 39:45 | Scout Tower |
| 39:45 | Scout Tower |
| 39:45 | Scout Tower |
| 39:46 | Scout Tower |
| 39:46 | Scout Tower |
| 40:41 | Guard Tower |
| 40:52 | Scout Tower |
| 40:53 | Scout Tower |
| 40:53 | Scout Tower |
| 40:54 | Scout Tower |
| 40:55 | Scout Tower |
| 40:55 | Scout Tower |
| 40:55 | Scout Tower |
| 40:55 | Scout Tower |
| 41:04 | Mass Teleport |
| 41:49 | Storm Bolt |
| 42:05 | Guard Tower |
| 42:58 | Guard Tower |
| 43:03 | Guard Tower |
| 43:37 | Holy Light |
| 44:39 | Town Hall |
| 44:55 | Guard Tower |
| 45:43 | Arcane Vault |
| 45:48 | Town Hall |
| 46:07 | Workshop |
| Right click | 4392 |
| Select | 1645 |
| Select group | 766 |
| Chat | 363 |
| Build/train/purchase | 336 |
| Use ability | 132 |
| Misc. action | 34 |
| Minimap ping | 34 |
| Assign group | 16 |
| Remove unit | 8 |
| Item give/drop | 1 |
| Esc | 1 |



| Orb of Corruption | 3 | 1125 |
| Sacrificial Skull | 2 | 100 |
| Potion of Healing | 1 | 150 |
| Staff of Sanctuary | 3 | 750 |
| total: | 9 | 2125g |
| Acolyte | 8 | 600 | / | 0 |
| Ghoul | 14 | 1680 | / | 0 |
| Obsidian Statue | 6 | 1200 | / | 210 |
| total: | 28 | 3480g | / | 210w |
| Nerubian Tower | 4 | 400 | / | 80 |
| Spirit Tower | 3 | 435 | / | 120 |
| Crypt | 1 | 200 | / | 50 |
| Altar of Darkness | 1 | 180 | / | 50 |
| Ziggurat | 10 | 1500 | / | 500 |
| Graveyard | 1 | 215 | / | 0 |
| Tomb of Relics | 1 | 130 | / | 30 |
| Slaughterhouse | 1 | 140 | / | 135 |
| Halls of the Dead | 2 | 640 | / | 420 |
| Black Citadel | 2 | 650 | / | 460 |
| total: | 15 | 2365g | / | 765w |
| 0:01 | Acolyte |
| 0:11 | Crypt |
| 0:14 | Acolyte |
| 0:28 | Altar of Darkness |
| 0:32 | Ziggurat |
| 0:56 | Graveyard |
| 1:14 | Ghoul |
| 1:22 | Ziggurat |
| 1:46 | Ghoul |
| 1:58 | Ghoul |
| 2:15 | Ghoul |
| 2:29 | Death Coil |
| 2:31 | Tomb of Relics |
| 2:46 | Ghoul |
| 3:23 | Ghoul |
| 3:50 | Ghoul |
| 3:52 | Cannibalize |
| 4:31 | Ghoul |
| 4:48 | Ghoul |
| 4:49 | Ghoul |
| 5:54 | Unholy Aura |
| 6:05 | Halls of the Dead |
| 6:54 | Nerubian Tower |
| 7:08 | Ziggurat |
| 8:00 | Death Coil |
| 8:03 | Ghoul |
| 8:20 | Spirit Tower |
| 9:00 | Black Citadel |
| 9:13 | Ghoul |
| 9:13 | Ghoul |
| 9:44 | Frost Nova |
| 10:34 | Ghoul |
| 10:44 | Slaughterhouse |
| 11:21 | Ghoul Frenzy |
| 11:23 | Ziggurat |
| 11:24 | Acolyte |
| 11:48 | Orb of Corruption |
| 13:46 | Acolyte |
| 13:46 | Acolyte |
| 14:01 | Carrion Swarm |
| 14:32 | Obsidian Statue |
| 14:32 | Obsidian Statue |
| 14:41 | Orb of Corruption |
| 15:18 | Sacrificial Skull |
| 15:18 | Sacrificial Skull |
| 15:45 | Frost Armor |
| 17:20 | Unholy Aura |
| 17:39 | Staff of Sanctuary |
| 18:06 | Obsidian Statue |
| 20:06 | Ziggurat |
| 20:07 | Ziggurat |
| 20:16 | Acolyte |
| 20:16 | Acolyte |
| 20:29 | Staff of Sanctuary |
| 20:35 | Ziggurat |
| 20:39 | Orb of Corruption |
| 20:49 | Staff of Sanctuary |
| 20:59 | Nerubian Tower |
| 21:00 | Spirit Tower |
| 21:01 | Ziggurat |
| 21:50 | Ziggurat |
| 21:54 | Acolyte |
| 21:57 | Nerubian Tower |
| 22:23 | Spirit Tower |
| 22:25 | Ziggurat |
| 22:46 | Frost Nova |
| 22:51 | Sleep |
| 23:07 | Nerubian Tower |
| 27:03 | Obsidian Statue |
| 27:11 | Potion of Healing |
| 28:54 | Death Coil |
| 29:24 | Carrion Swarm |
| 32:07 | Frost Armor |
| 35:03 | Vampiric Aura |
| 36:20 | Unholy Aura |
| 37:37 | Frost Nova |
| 38:28 | Obsidian Statue |
| 38:28 | Obsidian Statue |
| 41:30 | Carrion Swarm |
| 43:10 | Death and Decay |
| 43:15 | Animate Dead |
| Right click | 3615 |
| Select group | 2095 |
| Assign group | 612 |
| Select | 595 |
| Resource trade | 199 |
| Use ability | 186 |
| Build/train/purchase | 172 |
| Chat | 164 |
| Misc. action | 35 |
| Item give/drop | 3 |
| Minimap ping | 2 |
249 units @ 35.4k
/ 5.4k
109 buildings @ 17.7k
/ 8k


| Acolyte | 15 | 1125 | / | 0 |
| Ghoul | 15 | 1800 | / | 0 |
| Abomination | 5 | 1200 | / | 350 |
| Meat Wagon | 15 | 3450 | / | 750 |
| Necromancer | 7 | 1015 | / | 140 |
| Obsidian Statue | 4 | 800 | / | 140 |
| Frost Wyrm | 3 | 1155 | / | 360 |
| Tauren | 4 | 1120 | / | 320 |
| Troll Witch Doctor | 3 | 435 | / | 75 |
| total: | 71 | 12100g | / | 2135w |
| Spirit Tower | 17 | 2465 | / | 680 |
| Crypt | 2 | 400 | / | 100 |
| Altar of Darkness | 1 | 180 | / | 50 |
| Ziggurat | 39 | 5850 | / | 1950 |
| Graveyard | 2 | 430 | / | 0 |
| Tomb of Relics | 1 | 130 | / | 30 |
| Necropolis | 1 | 225 | / | 0 |
| Slaughterhouse | 5 | 700 | / | 675 |
| Temple of the Damned | 3 | 465 | / | 420 |
| Sacrificial Pit | 1 | 75 | / | 150 |
| Boneyard | 3 | 525 | / | 600 |
| Halls of the Dead | 1 | 320 | / | 210 |
| Black Citadel | 1 | 325 | / | 230 |
| total: | 58 | 8980g | / | 3975w |
| 0:04 | Acolyte |
| 0:04 | Acolyte |
| 0:17 | Crypt |
| 0:23 | Altar of Darkness |
| 0:31 | Ziggurat |
| 0:56 | Crypt |
| 1:21 | Ghoul |
| 1:29 | Ziggurat |
| 1:39 | Ghoul |
| 1:57 | Ghoul |
| 1:58 | Ghoul |
| 2:13 | Ziggurat |
| 2:25 | Ghoul |
| 2:37 | Ghoul |
| 2:45 | Sleep |
| 2:50 | Ghoul |
| 3:06 | Ghoul |
| 3:13 | Ghoul |
| 3:25 | Ghoul |
| 3:57 | Halls of the Dead |
| 4:27 | Ghoul |
| 5:15 | Ziggurat |
| 5:18 | Graveyard |
| 5:21 | Ziggurat |
| 5:23 | Graveyard |
| 5:39 | Ghoul |
| 6:19 | Black Citadel |
| 6:26 | Vampiric Aura |
| 6:46 | Ghoul |
| 7:21 | Ghoul |
| 7:55 | Sleep |
| 8:07 | Slaughterhouse |
| 8:08 | Slaughterhouse |
| 8:31 | Ghoul |
| 8:39 | Acolyte |
| 8:49 | Frost Nova |
| 9:10 | Unholy Strength |
| 9:12 | Unholy Armor |
| 9:27 | Acolyte |
| 9:27 | Acolyte |
| 9:27 | Acolyte |
| 9:43 | Abomination |
| 9:54 | Acolyte |
| 10:09 | Ziggurat |
| 10:12 | Ziggurat |
| 10:21 | Disease Cloud |
| 10:31 | Acolyte |
| 10:48 | Abomination |
| 11:08 | Ghoul Frenzy |
| 11:08 | Cannibalize |
| 11:12 | Meat Wagon |
| 11:43 | Ziggurat |
| 11:49 | Spirit Tower |
| 11:57 | Abomination |
| 12:20 | Frost Armor |
| 12:23 | Spirit Tower |
| 12:31 | Acolyte |
| 12:33 | Acolyte |
| 12:59 | Exhume Corpses |
| 13:05 | Ziggurat |
| 13:10 | Acolyte |
| 13:51 | Meat Wagon |
| 13:58 | Spirit Tower |
| 14:41 | Meat Wagon |
| 15:04 | Meat Wagon |
| 15:54 | Temple of the Damned |
| 15:59 | Temple of the Damned |
| 16:00 | Temple of the Damned |
| 16:03 | Improved Unholy Strength |
| 16:03 | Improved Unholy Armor |
| 16:41 | Ziggurat |
| 16:43 | Ziggurat |
| 16:45 | Ziggurat |
| 16:46 | Ziggurat |
| 17:46 | Skeletal Mastery |
| 17:48 | Necromancer Adept Training |
| 17:49 | Advanced Unholy Strength |
| 18:19 | Necromancer Master Training |
| 18:23 | Necromancer |
| 18:23 | Necromancer |
| 18:23 | Necromancer |
| 18:36 | Vampiric Aura |
| 18:44 | Spirit Tower |
| 18:50 | Spirit Tower |
| 19:42 | Meat Wagon |
| 19:44 | Necromancer |
| 20:03 | Meat Wagon |
| 20:07 | Tomb of Relics |
| 20:09 | Meat Wagon |
| 21:15 | Obsidian Statue |
| 21:15 | Obsidian Statue |
| 21:21 | Advanced Unholy Armor |
| 21:24 | Spirit Tower |
| 22:19 | Meat Wagon |
| 22:34 | Frost Nova |
| 23:07 | Meat Wagon |
| 25:54 | Ziggurat |
| 25:55 | Ziggurat |
| 25:57 | Ziggurat |
| 25:57 | Ziggurat |
| 26:00 | Ziggurat |
| 26:01 | Ziggurat |
| 26:03 | Slaughterhouse |
| 27:05 | Spirit Tower |
| 27:06 | Spirit Tower |
| 27:10 | Slaughterhouse |
| 27:11 | Slaughterhouse |
| 27:14 | Ziggurat |
| 27:15 | Ziggurat |
| 27:15 | Ziggurat |
| 27:48 | Acolyte |
| 28:09 | Necromancer |
| 28:09 | Necromancer |
| 28:09 | Necromancer |
| 28:32 | Spirit Tower |
| 29:12 | Spirit Tower |
| 29:29 | Obsidian Statue |
| 29:29 | Obsidian Statue |
| 29:36 | Meat Wagon |
| 29:37 | Meat Wagon |
| 32:00 | Ziggurat |
| 32:01 | Ziggurat |
| 32:02 | Ziggurat |
| 32:03 | Ziggurat |
| 32:04 | Ziggurat |
| 32:05 | Ziggurat |
| 32:05 | Ziggurat |
| 32:06 | Ziggurat |
| 32:49 | Ziggurat |
| 33:30 | Spirit Tower |
| 33:46 | Necropolis |
| 33:55 | Ziggurat |
| 33:56 | Ziggurat |
| 33:58 | Ziggurat |
| 34:44 | Meat Wagon |
| 34:45 | Meat Wagon |
| 34:45 | Meat Wagon |
| 34:45 | Meat Wagon |
| 35:01 | Spirit Tower |
| 35:10 | Spirit Tower |
| 36:30 | Spirit Tower |
| 36:36 | Ziggurat |
| 36:37 | Ziggurat |
| 38:17 | Acolyte |
| 38:17 | Acolyte |
| 38:58 | Creature Attack |
| 38:58 | Creature Carapace |
| 39:00 | Sacrificial Pit |
| 39:50 | Ziggurat |
| 39:52 | Spirit Tower |
| 40:08 | Boneyard |
| 40:09 | Boneyard |
| 40:10 | Boneyard |
| 40:14 | Improved Creature Attack |
| 40:55 | Spirit Tower |
| 40:59 | Ziggurat |
| 41:02 | Ziggurat |
| 41:15 | Abomination |
| 41:38 | Frost Wyrm |
| 41:50 | Spirit Tower |
| 42:09 | Abomination |
| 42:22 | Tauren |
| 42:22 | Tauren |
| 42:24 | Troll Witch Doctor |
| 42:24 | Troll Witch Doctor |
| 42:25 | Troll Witch Doctor |
| 42:50 | Tauren |
| 42:50 | Tauren |
| 43:28 | Freezing Breath |
| 43:30 | Advanced Creature Attack |
| 44:06 | Acolyte |
| 44:29 | Frost Wyrm |
| 44:45 | Improved Creature Carapace |
| 45:13 | Frost Wyrm |
| Right click | 1850 |
| Select | 905 |
| Build/train/purchase | 154 |
| Use ability | 53 |
| Select group | 33 |
| Minimap ping | 32 |
| Misc. action | 26 |
| Assign group | 8 |
| Resource trade | 8 |
| Remove unit | 6 |
| Chat | 6 |


| Wisp | 44 | 2640 | / | 0 |
| Archer | 53 | 6890 | / | 530 |
| Hippogryph | 17 | 2720 | / | 340 |
| Glaive Thrower | 3 | 630 | / | 195 |
| Chimaera | 2 | 660 | / | 140 |
| Druid of the Claw | 2 | 510 | / | 160 |
| total: | 121 | 14050g | / | 1365w |
| Ancient Protector | 16 | 2160 | / | 1280 |
| Altar of Elders | 1 | 180 | / | 50 |
| Moon Well | 9 | 1620 | / | 360 |
| Ancient of War | 2 | 300 | / | 120 |
| Hunter's Hall | 1 | 210 | / | 100 |
| Tree of Life | 3 | 1020 | / | 555 |
| Ancient of Wind | 1 | 150 | / | 140 |
| Ancient of Lore | 1 | 155 | / | 145 |
| Chimaera Roost | 1 | 140 | / | 190 |
| Tree of Ages | 1 | 320 | / | 180 |
| Tree of Eternity | 1 | 330 | / | 200 |
| total: | 35 | 5935g | / | 2940w |
| 0:03 | Wisp |
| 0:10 | Altar of Elders |
| 0:14 | Moon Well |
| 0:18 | Ancient of War |
| 0:24 | Wisp |
| 0:34 | Wisp |
| 0:52 | Wisp |
| 0:52 | Wisp |
| 0:59 | Wisp |
| 1:22 | Archer |
| 1:36 | Moon Well |
| 1:50 | Archer |
| 1:59 | Wisp |
| 2:09 | Archer |
| 2:27 | Moon Well |
| 2:30 | Archer |
| 2:37 | Trueshot Aura |
| 2:50 | Archer |
| 3:05 | Archer |
| 3:43 | Archer |
| 3:48 | Ancient of War |
| 3:51 | Archer |
| 4:58 | Archer |
| 4:59 | Archer |
| 5:02 | Tree of Ages |
| 5:08 | Hunter's Hall |
| 5:37 | Archer |
| 6:00 | Archer |
| 6:06 | Moon Well |
| 6:11 | Strength of the Moon |
| 6:44 | Searing Arrows |
| 7:00 | Tree of Life |
| 7:09 | Moon Well |
| 7:36 | Archer |
| 7:39 | Improved Bows |
| 7:44 | Wisp |
| 7:44 | Wisp |
| 7:44 | Wisp |
| 8:17 | Archer |
| 8:28 | Wisp |
| 8:28 | Wisp |
| 8:37 | Ancient of Wind |
| 9:30 | Wisp |
| 9:30 | Wisp |
| 9:30 | Wisp |
| 9:30 | Wisp |
| 9:30 | Wisp |
| 9:30 | Wisp |
| 10:15 | Tree of Eternity |
| 10:17 | Improved Strength of the Moon |
| 10:18 | Archer |
| 10:19 | Archer |
| 10:51 | Trueshot Aura |
| 11:10 | Hippogryph |
| 11:11 | Hippogryph |
| 11:11 | Hippogryph |
| 11:16 | Moon Well |
| 12:12 | Hippogryph |
| 12:12 | Hippogryph |
| 12:13 | Archer |
| 12:14 | Archer |
| 12:24 | Archer |
| 12:45 | Searing Arrows |
| 12:57 | Hippogryph |
| 13:03 | Advanced Strength of the Moon |
| 13:04 | Marksmanship |
| 13:32 | Hippogryph |
| 13:32 | Hippogryph |
| 15:02 | Archer |
| 15:07 | Moon Well |
| 16:20 | Moon Well |
| 16:21 | Moon Well |
| 16:22 | Hippogryph |
| 16:22 | Hippogryph |
| 16:23 | Hippogryph |
| 16:24 | Archer |
| 16:24 | Archer |
| 17:35 | Hippogryph |
| 17:35 | Hippogryph |
| 17:35 | Hippogryph |
| 17:36 | Hippogryph |
| 17:36 | Hippogryph |
| 17:36 | Hippogryph |
| 18:58 | Trueshot Aura |
| 20:35 | Entangling Roots |
| 21:41 | Vorpal Blades |
| 21:42 | Glaive Thrower |
| 21:43 | Glaive Thrower |
| 22:56 | Glaive Thrower |
| 23:37 | Tree of Life |
| 26:14 | Force of Nature |
| 26:24 | Archer |
| 26:24 | Archer |
| 26:24 | Archer |
| 26:24 | Archer |
| 26:25 | Archer |
| 27:51 | Wisp |
| 27:51 | Wisp |
| 27:52 | Wisp |
| 27:53 | Nature's Blessing |
| 28:25 | Ancient Protector |
| 28:35 | Wisp |
| 28:35 | Wisp |
| 28:35 | Wisp |
| 28:35 | Wisp |
| 28:40 | Wisp |
| 28:40 | Wisp |
| 28:40 | Wisp |
| 28:40 | Wisp |
| 28:42 | Archer |
| 28:42 | Archer |
| 28:42 | Archer |
| 28:42 | Archer |
| 28:43 | Archer |
| 29:11 | Ancient Protector |
| 29:12 | Ancient Protector |
| 29:14 | Ancient Protector |
| 30:11 | Ancient Protector |
| 30:11 | Ancient Protector |
| 30:11 | Ancient Protector |
| 30:11 | Ancient Protector |
| 30:11 | Ancient Protector |
| 30:12 | Ancient Protector |
| 30:12 | Ancient Protector |
| 30:15 | Wisp |
| 30:15 | Wisp |
| 30:17 | Wisp |
| 30:17 | Wisp |
| 32:22 | Ancient Protector |
| 32:23 | Ancient Protector |
| 32:23 | Ancient Protector |
| 32:24 | Ancient Protector |
| 32:25 | Ancient Protector |
| 32:50 | Archer |
| 32:50 | Archer |
| 32:50 | Archer |
| 32:50 | Archer |
| 32:50 | Archer |
| 32:51 | Archer |
| 32:51 | Archer |
| 32:51 | Archer |
| 33:30 | Wisp |
| 33:30 | Wisp |
| 33:30 | Wisp |
| 33:39 | Archer |
| 33:40 | Archer |
| 33:42 | Moon Armor |
| 36:19 | Archer |
| 36:19 | Archer |
| 36:19 | Archer |
| 36:20 | Archer |
| 36:20 | Archer |
| 36:20 | Archer |
| 36:20 | Archer |
| 36:20 | Archer |
| 36:35 | Entangling Roots |
| 36:45 | Improved Moon Armor |
| 37:24 | Archer |
| 37:24 | Archer |
| 37:25 | Archer |
| 39:44 | Tree of Life |
| 39:55 | Ancient of Lore |
| 40:04 | Chimaera Roost |
| 40:06 | Strength of the Wild |
| 41:10 | Druid of the Claw Adept Training |
| 42:30 | Improved Strength of the Wild |
| 42:33 | Corrosive Breath |
| 42:34 | Chimaera |
| 42:34 | Chimaera |
| 42:37 | Druid of the Claw Master Training |
| 42:37 | Druid of the Claw |
| 42:37 | Druid of the Claw |
| 44:34 | Wisp |
| 44:35 | Wisp |
| 44:35 | Wisp |
| 44:35 | Wisp |
| 44:35 | Wisp |
| 44:35 | Wisp |
| 44:35 | Wisp |
| 44:36 | Wisp |
| Right click | 1283 |
| Select | 633 |
| Chat | 248 |
| Build/train/purchase | 164 |
| Minimap ping | 38 |
| Misc. action | 34 |
| Use ability | 28 |
| Resource trade | 13 |
| Remove unit | 5 |
| Item give/drop | 2 |
| Assign group | 1 |
| Esc | 1 |


| Scroll of Speed | 1 | 50 |
| Potion of Healing | 1 | 150 |
| Potion of Mana | 1 | 200 |
| Scroll of Town Portal | 1 | 350 |
| total: | 4 | 750g |
| Peon | 14 | 1050 | / | 0 |
| Grunt | 2 | 400 | / | 0 |
| Kodo Beast | 2 | 510 | / | 120 |
| Tauren | 12 | 3360 | / | 960 |
| Troll Witch Doctor | 12 | 1740 | / | 300 |
| Shaman | 6 | 780 | / | 120 |
| Troll Batrider | 9 | 1440 | / | 360 |
| total: | 57 | 9280g | / | 1860w |
| Altar of Storms | 1 | 180 | / | 50 |
| Orc Burrow | 8 | 1280 | / | 320 |
| Barracks | 1 | 180 | / | 50 |
| War Mill | 1 | 205 | / | 0 |
| Voodoo Lounge | 1 | 130 | / | 30 |
| Great Hall | 1 | 385 | / | 185 |
| Beastiary | 1 | 145 | / | 140 |
| Spirit Lodge | 1 | 150 | / | 150 |
| Tauren Totem | 1 | 135 | / | 155 |
| Stronghold | 2 | 630 | / | 380 |
| Fortress | 2 | 650 | / | 380 |
| total: | 16 | 2790g | / | 1080w |
| 0:02 | Peon |
| 0:02 | Peon |
| 0:06 | Altar of Storms |
| 0:26 | Orc Burrow |
| 0:34 | Peon |
| 0:44 | Barracks |
| 0:46 | Peon |
| 0:58 | Peon |
| 1:23 | Peon |
| 1:33 | War Mill |
| 1:39 | Peon |
| 1:45 | Orc Burrow |
| 2:03 | Grunt |
| 2:17 | Feral Spirit |
| 2:45 | Peon |
| 3:00 | Stronghold |
| 4:08 | Orc Burrow |
| 4:10 | Grunt |
| 5:31 | Beastiary |
| 5:35 | Fortress |
| 5:50 | Orc Burrow |
| 6:18 | Spirit Lodge |
| 6:25 | Endurance Aura |
| 6:44 | Kodo Beast |
| 7:01 | Tauren Totem |
| 7:45 | Chain Lighting |
| 7:57 | Witch Doctor Adept Training |
| 8:00 | War Drums Damage Increase |
| 8:03 | Peon |
| 8:04 | Peon |
| 8:32 | Tauren |
| 8:32 | Tauren |
| 8:57 | Witch Doctor Master Training |
| 9:06 | Orc Burrow |
| 9:17 | War Stomp |
| 9:37 | Tauren |
| 9:41 | Troll Witch Doctor |
| 9:41 | Troll Witch Doctor |
| 10:18 | Steel Armor |
| 10:21 | Tauren |
| 10:27 | Orc Burrow |
| 10:57 | Pulverize |
| 11:00 | Troll Witch Doctor |
| 11:41 | Orc Burrow |
| 11:42 | Thorium Armor |
| 11:42 | Arcanite Armor |
| 11:52 | Shaman Adept Training |
| 11:52 | Shaman Master Training |
| 14:03 | Shaman |
| 14:03 | Shaman |
| 16:06 | Tauren |
| 16:06 | Tauren |
| 16:08 | Troll Witch Doctor |
| 16:08 | Troll Witch Doctor |
| 16:11 | Shaman |
| 16:11 | Shaman |
| 16:11 | Troll Witch Doctor |
| 16:14 | Steel Melee Weapons |
| 16:46 | Voodoo Lounge |
| 18:17 | Thorium Melee Weapons |
| 18:17 | Arcanite Melee Weapons |
| 19:12 | Endurance Aura |
| 20:03 | Troll Batrider |
| 20:03 | Troll Batrider |
| 20:03 | Troll Batrider |
| 20:03 | Troll Batrider |
| 20:04 | Troll Batrider |
| 20:04 | Troll Batrider |
| 20:10 | Troll Batrider |
| 20:22 | Chain Lighting |
| 21:41 | Tauren |
| 21:41 | Tauren |
| 21:46 | Orc Burrow |
| 22:27 | Troll Batrider |
| 22:28 | Troll Batrider |
| 22:32 | Far Sight |
| 23:43 | Scroll of Speed |
| 23:44 | Potion of Healing |
| 23:44 | Potion of Mana |
| 23:45 | Scroll of Town Portal |
| 24:05 | Great Hall |
| 25:35 | War Stomp |
| 26:48 | Tauren |
| 26:50 | Troll Witch Doctor |
| 26:50 | Troll Witch Doctor |
| 27:09 | Peon |
| 27:09 | Peon |
| 27:09 | Peon |
| 27:10 | Peon |
| 27:59 | Tauren |
| 29:10 | Tauren |
| 29:13 | Tauren |
| 30:47 | Troll Witch Doctor |
| 30:48 | Troll Witch Doctor |
| 31:57 | Spiked Barricades |
| 32:04 | Kodo Beast |
| 37:35 | Troll Witch Doctor |
| 37:35 | Troll Witch Doctor |
| 37:35 | Shaman |
| 37:35 | Shaman |
| Right click | 2373 |
| Select | 614 |
| Select group | 351 |
| Misc. action | 198 |
| Build/train/purchase | 166 |
| Use ability | 73 |
| Minimap ping | 56 |
| Assign group | 25 |
| Chat | 5 |
| Remove unit | 4 |
| Item give/drop | 1 |
⇛